 Dungeon Crawl Stone Soup version 0.31-a0-1009-g454b1f1e0a (webtiles) character file.

Game seed: 13091872534071919848

348998 CrazyBamboolord the Slayer (level 22, -3/214 HPs)
             Began as a Hill Orc Fighter on Nov 14, 2023.
             Was the Champion of the Shining One.
             Killed from afar by an ironbound thunderhulk (32 damage)
             ... with a bolt of lightning
             ... led by a vault warden
             ... on level 1 of the Vaults on Nov 15, 2023.
             The game lasted 01:28:46 (46803 turns).

CrazyBamboolord the Slayer (Hill Orc Fighter)      Turns: 46803, Time: 01:28:47

Health: -3/214     AC: 31    Str: 33    XL:     22   Next: 18%
Magic:  13/35      EV:  9    Int: 11    God:    the Shining One [******]
Gold:   576        SH: 24    Dex: 10    Spells: 21/21 levels left

rFire   + . .        a - +6 broad axe (elec)
rCold   + . .        c - +0 tower shield
rNeg    + + +        U - +0 chain mail {rF+}
rPois   +            m - +2 helmet {Int+3}
rElec   .            p - +2 cloak
rCorr   .            x - +2 pair of gloves {Str+3}
SInv    .            V - +2 pair of boots {Fly}
Will    +....        d - amulet of reflection Stlth
                     w - ring of protection from cold
HPRegen 0.55/turn    J - ring of poison resistance
MPRegen 0.24/turn

%: reflection
@: flying, glowing, studying 2 skills
A: no striking features
}: 2/15 runes: barnacled, gossamer
a: Renounce Religion, Divine Shield, Cleansing Flame, Summon Divine Warrior,
Brand Weapon With Holy Wrath


You were on level 1 of the Vaults.
You worshipped the Shining One.
The Shining One was exalted by your worship.
You visited 7 branches of the dungeon, and saw 32 of its levels.
You also visited: Ice Cave and Desolation.

You collected 3124 gold pieces.
You spent 2548 gold pieces at shops.

Inventory:

Hand Weapons
 a - a +6 broad axe of electrocution (weapon)
 b - a +3 morningstar
 A - the +0 dire flail of Exevar {elec, rC+ rN+ Dex+2 Stlth+}
   (You found it on level 10 of the Dungeon)

   Dex+2:     It affects your dexterity (+2).
   rC+:       It protects you from cold.
   rN+:       It protects you from negative energy.
   Stlth+:    It makes you more stealthy.
Missiles
 Y - 4 throwing nets
Armour
 c - a +0 tower shield (worn)
 m - a +2 helmet of intelligence (worn)
 p - a +2 cloak (worn)
 x - a +2 pair of gloves of strength (worn)
 U - a +0 chain mail of fire resistance (worn)
 V - a +2 pair of boots of flying (worn)
Jewellery
 d - an amulet of reflection (around neck)
 j - a +5 ring of evasion
 w - a ring of protection from cold (left hand)
 G - an amulet of regeneration
 I - a +4 ring of protection
 J - a ring of poison resistance (right hand)
 N - a +6 ring of strength
 X - the ring of Kikubaaqudgha's Regard {Fire rN+ Str-2 Dex+3 SInv}
   (You found it on level 2 of the Shoals)

   [ring of fire]

   Fire:      It enhances your fire magic.
   Str-2:     It affects your strength (-2).
   Dex+3:     It affects your dexterity (+3).
   rF+:       It protects you from fire.
   rC-:       It makes you vulnerable to cold.
   rN+:       It protects you from negative energy.
   SInv:      It lets you see invisible.
Wands
 h - a wand of paralysis (14)
 k - a wand of roots (15)
 s - a wand of mindburst (19) (quivered)
 D - a wand of polymorph (26)
 F - a wand of flame (26)
 H - a wand of light (7)
Scrolls
 f - 6 scrolls of teleportation
 g - 3 scrolls of vulnerability
 i - 4 scrolls of fog
 l - 5 scrolls of immolation
 q - 2 scrolls of fear
 r - 4 scrolls of poison
 y - 6 scrolls of noise
 Q - 3 scrolls of amnesia
 W - 5 scrolls of identify
Potions
 e - 3 potions of cancellation
 n - 4 potions of enlightenment
 o - 7 potions of mutation
 u - 4 potions of attraction
 z - 4 potions of haste
 B - 6 potions of lignification
 C - 7 potions of ambrosia
 E - 4 potions of brilliance
 K - 8 potions of heal wounds
 L - 4 potions of curing
 M - a potion of might
 P - a potion of berserk rage
 R - 2 potions of magic
Miscellaneous
 t - a lightning rod (4/4)
 O - a phantom mirror
 S - a condenser vane


   Skills:
 + Level 21.6 Fighting
 * Level 19.8 Axes
 + Level 21.5 Armour
 - Level 18.0 Shields
 - Level 19.0 Invocations


You had 21 spell levels left.
You didn't know any spells.
Your spell library contained the following spells:

 Spells                   Type           Power      Damage    Failure   Level
 Apportation              Tloc           0%         N/A       77%         1
 Freeze                   Ice            0%         1d3       77%         1
 Blink                    Tloc           0%         N/A       88%         2
 Jinxbite                 Hex            0%         N/A       88%         2
 Lesser Beckoning         Tloc           0%         N/A       88%         2
 Momentum Strike          Conj/Tloc      0%         3d8       88%         2
 Poisonous Vapours        Pois/Air       0%         N/A       88%         2
 Static Discharge         Conj/Air       0%         3-3/arc   88%         2
 Call Canine Familiar     Summ           0%         N/A       98%         3
 Frozen Ramparts          Ice            0%         1d1       98%         3
 Hailstorm                Conj/Ice       0%         3d3       98%         3
 Inner Flame              Hex/Fire       0%         N/A       98%         3
 Mephitic Cloud           Conj/Pois/Air  0%         N/A       98%         3
 Ozocubu's Armour         Ice            0%         N/A       98%         3
 Sigil of Binding         Hex            0%         N/A       98%         3
 Swiftness                Air            0%         N/A       98%         3
 Tukima's Dance           Hex            0%         N/A       98%         3
 Animate Armour           Summ/Erth      0%         N/A       100%        4
 Dimensional Bullseye     Hex/Tloc       0%         N/A       100%        4
 Flame Wave               Conj/Fire      0%         2d4       100%        4
 Leda's Liquefaction      Hex/Erth       0%         N/A       100%        4
 Manifold Assault         Tloc           0%         N/A       100%        4
 Olgreb's Toxic Radiance  Pois           0%         N/A       100%        4
 Passage of Golubria      Tloc           0%         N/A       100%        4
 Sticky Flame             Conj/Fire      0%         2d3       100%        4
 Summon Lightning Spire   Summ/Air       0%         N/A       100%        4
 Alistair's Intoxication  Tmut/Pois      0%         N/A       100%        5
 Freezing Cloud           Conj/Ice/Air   0%         6-21      100%        5
 Lee's Rapid Deconstruct  Erth           0%         3d4*      100%        5
 Metabolic Englaciation   Hex/Ice        0%         N/A       100%        5
 Yara's Violent Unravell  Hex/Tmut       0%         3d3       100%        5
 Bombard                  Conj/Erth      0%         9d1       100%        6
 Simulacrum               Ice/Necr       0%         N/A       100%        6
 Discord                  Hex            0%         N/A       100%        8
 Ignition                 Fire           0%         3d3       100%        8


Dungeon Overview and Level Annotations

Branches:
Dungeon (15/15)            Temple (1/1) D:4            Lair (5/5) D:11
 Shoals (4/4) Lair:3       Spider (4/4) Lair:3        Slime (0/5) Lair:5
    Orc (2/2) D:9             Elf (0/3) Orc:2        Vaults (1/5) D:13
 Depths (0/4) D:15          IceCv (visited)         Desolation (visited)

Altars:
Ashenzari
Cheibriados
Dithmenos
Elyvilon
Fedhas
Gozag
Hepliaklqana
Kikubaaqudgha
Makhleb
Nemelex Xobeh
Okawaru
Qazlal
Ru
Sif Muna
Trog
Uskayaw
Vehumet
Wu Jian
Xom
Yredelemnul
Zin
The Shining One
Beogh
Jiyva
Lugonu

Shops:
D:1 [??   D:3 *   D:6 (   D:12 ?   D:14 *   D:15 *   Orc:2 *[=(   Shoals:1 !
Vaults:1 =(


Message History

You slice the ironbound convoker!!
You kill the ironbound convoker!
You hit the vault warden.
Lightning courses through the vault warden!
You hit the vault guard but do no damage.
You hit the stone giant but do no damage.
Electricity crackles from the ironbound thunderhulk's apparatus.
The bolt of lightning hits you!!!
* * * LOW HITPOINT WARNING * * *
Unknown command.
Blink to where?
Press: ? - help, Dir - move target
As you read the scroll of blinking, it crumbles to dust.
The stone giant throws a large rock.
You block the large rock with an invisible shield... and reflect it back!
The large rock hits the stone giant but does no damage.
You reach down and close the door.
You are momentarily dazzled by a brilliant light.
You are momentarily dazzled by a brilliant light.
You are momentarily dazzled by a brilliant light.
Unknown command.
You swap places.
A stone giant opens the door.
Your angel hits the vault warden with a +2 whip of holy wrath.
Your angel hits the vault warden but does no damage.
The vault warden hits your angel with a +3 battleaxe of flaming!!
The vault warden burns your angel.
The vault warden hits your angel with a +3 battleaxe of flaming!!
The vault warden burns your angel.
Your angel hits the vault warden with a +2 whip of holy wrath!!
Your angel hits the vault warden with a +2 whip of holy wrath.
Unknown command.
Your angel hits the vault warden but does no damage.
Your angel barely misses the vault warden.
The vault warden completely misses your angel.
Your angel hits the vault warden with a +2 whip of holy wrath!
The vault warden dies!
Electricity crackles from the ironbound thunderhulk's apparatus.
The bolt of lightning hits you!!
You die...

**,*
###....####....'.....#..
^*,*
###..##..##..##..#######..
**,*
#....####....#####,,,,,...
,,,* ###..##..##..#
*,,,,,,..
+###########....#####
***+*****
..........####..#
****,,,****
..))......####''##
*,,*,,,*,,*
....C.....#......#
*,,*,,,*,,*
..p.p.....#CA...@#
**+*,,,*+**
.........OpAA....#
*,,,,,,,,,*
..........#......#
*,,,,,,,,,*
###########......#
*,,,,,,,,,* ,* #......#
*+***+***+*
**###########'######
*,,*,,,*,,*
**#≈.....#.........#
*,,*,,,*,,*
**#[.≈≈≈...........#
***********
,*#.≈≈≈≈≈..........#


You could see a stone giant, an ironbound thunderhulk (strong, ally target), a
vault guard and 3 friendly angels.

Vanquished Creatures
  Jorgrun (Orc:2)
  2 sphinxes
  Polyphemus (Shoals:3)
  Donald (Shoals:1)
  A storm dragon (Shoals:4)
  Roxanne (Spider:4)
  6 emperor scorpions
  The ghost of Beaer the Fighter, a journeyman DsFi of Okawaru (Shoals:2)
  2 vault wardens (Vaults:1)
  4 ghost moths
  4 ironbound preservers (Vaults:1)
  A formless jellyfish (Vaults:1)
  2 broodmothers
  2 ironbound thunderhulks (Vaults:1)
  Nessos (Lair:3)
  A spark wasp (Spider:1)
  A halazid warlock (Desolation)
  Snorg (Lair:4)
  6 merfolk javelineers (Shoals:4)
  10 merfolk impalers
  4 ragged hierophants
  5 yaktaur captains (Vaults:1)
  3 entropy weavers
  4 servants of whispers
  5 vault guards
  9 hydras
  2 jorogumos (Spider:3)
  An ironbound frostheart (Vaults:1)
  3 alligator snapping turtles
  16 centaur warriors
  A sphinx zombie (D:15)
  6 catoblepae
  13 boulder beetles
  8 death yaks
  2 radroaches
  13 demonic crawlers
  2 satyrs
  5 two-headed ogres
  3 merfolk aquamancers
  A tengu warrior (D:13)
  Urug (D:11)
  3 orc high priests (Orc:2)
  A deep elf knight (D:13)
  6 pharaoh ants
  7 skysharks
  3 sun moths
  11 sea snakes
  A storm dragon skeleton (D:15)
  2 skeletal warriors (D:15)
  16 deep trolls (Vaults:1)
  2 flayed ghosts
  7 orb spiders
  An orange crystal statue (D:10)
  Pikel (D:7)
  18 harpies
  10 steelbarb worms
  2 arcanists (D:13)
  5 lindwurms
  6 ironbound convokers
  14 wolf spiders
  A necromancer (D:15)
  An orc knight (D:15)
  17 ugly things
  3 deep elf pyromancers (D:13)
  13 manticores
  6 orc sorcerers
  2 fauns (Shoals:2)
  6 moths of wrath
  A spectral alligator snapping turtle (Shoals:2)
  Maurice (D:9)
  An oklob plant (Lair:5)
  13 cyclopes
  3 elephants (Lair:3)
  3 ice statues (IceCv)
  11 water nymphs
  A molten gargoyle (Desolation)
  8 merfolk sirens
  A black mamba (shapeshifter) (D:13)
  4 vault sentinels (Vaults:1)
  Joseph (D:7)
  5 black mambas
  7 torpor snails
  11 cane toads
  2 gargoyles
  2 unseen horrors
  Psyche (D:9)
  Jeremiah (Lair:1)
  7 rime drakes
  4 yaktaurs
  13 komodo dragons
  A komodo dragon (shapeshifter) (D:13)
  An efreet (D:13)
  2 ice devils (Lair:3)
  A spectral merfolk (Shoals:2)
  A freezing wraith (D:13)
  3 harpy zombies (Shoals:1)
  2 spectral water nymphs (Shoals:2)
  7 wind drakes (Shoals:4)
  33 merfolk
  A spectral harpy (Shoals:2)
  5 hornets
  3 meliai (Spider:4)
  6 trolls
  3 polar bears
  34 tarantellas
  A tarantella (shapeshifter) (D:13)
  14 blink frogs
  Prince Ribbit (D:7)
  19 saltlings
  A spriggan zombie (D:15)
  8 snapping turtles
  15 dream sheep
  18 slime creatures
  20 jumping spiders
  24 water elementals
  A shadow (D:12)
  A vampire (D:13)
  30 culicivoras
  2 spriggans (Lair:2)
  12 air elementals (Shoals:4)
  3 wyverns
  A dire elephant simulacrum (IceCv)
  48 yaks
  4 wraiths
  20 humans (D:13)
  3 steam dragons
  3 basilisks
  Eustachio (D:5)
  Grum (D:8)
  38 redbacks
  A sea snake simulacrum (Shoals:2)
  12 vampire mosquitoes
  A death yak simulacrum (IceCv)
  A merfolk simulacrum (Shoals:2)
  2 wargs
  Edmund (D:5)
  An acid dragon (D:9)
  A spectral snapping turtle (Shoals:2)
  16 water moccasins
  A hydra simulacrum (IceCv)
  17 orc warriors
  6 black bears
  15 centaurs
  7 ogres
  13 wolves
  5 boggarts (Vaults:1)
  3 phantoms
  2 kobold brigands (D:10)
  9 scorpions
  A bullfrog (shapeshifter) (D:13)
  15 bullfrogs
  8 wights (D:9)
  6 killer bees
  A snapping turtle simulacrum (Shoals:2)
  A manticore simulacrum (Shoals:2)
  2 elephant simulacra (IceCv)
  2 electric eels (Lair:2)
  5 howler monkeys
  A hound (D:4)
  Crazy Yiuf (D:7)
  11 orc priests
  A sleepcap (D:5)
  3 iguanas (D:5)
  22 orc wizards
  3 wolf simulacra (IceCv)
  A boggart simulacrum (D:13)
  7 adders
  A shadow imp (D:6)
  A white imp (D:7)
  4 ufetubi
  3 worms
  A dart slug (D:4)
  50 orcs
  6 ball pythons
  A bat zombie (Shoals:1)
  11 endoplasms
  6 giant cockroaches
  11 goblins
  10 hobgoblins
  4 jackals (D:3)
  4 quokkas
  7 bats
  2 frilled lizards
  21 kobolds
  5 rats
  A spectral kobold (D:10)
1168 creatures vanquished.

Vanquished Creatures (collateral kills)
  Bai Suzhen (Shoals:4)
  Aizul (Spider:1)
  A vault warden (Vaults:1)
  An orc warlord (Orc:2)
  2 spark wasps
  4 entropy weavers
  A jorogumo (Spider:4)
  A boulder beetle (Spider:4)
  4 demonic crawlers
  A sun moth (Spider:3)
  3 orc knights (Orc:2)
  2 wolf spiders (Spider:4)
  An orc sorcerer (Orc:2)
  A meliai (Spider:4)
  3 tarantellas
  2 jumping spiders
  A culicivora (Spider:3)
  A redback (Spider:3)
  12 orc warriors (Orc:2)
  6 orc priests (Orc:2)
  6 orc wizards (Orc:2)
  12 orcs (Orc:2)
67 creatures vanquished.

Vanquished Creatures (others)
  A merfolk aquamancer (Shoals:3)
  A wolf spider (Spider:2)
  A manticore (D:13)
  A merfolk (Shoals:4)
  A saltling (Desolation)
  A vampire (D:13)
  A vampire mosquito (D:13)
  An orc (Orc:2)
8 creatures vanquished.

Grand Total: 1243 creatures vanquished

Notes
Turn   | Place    | Note
-------+----------+-------------------------------------------
     0 | D:1      | CrazyBamboolord the Hill Orc Fighter began the quest for
                  | the Orb.
     0 | D:1      | Reached XP level 1. HP: 19/19 MP: 1/1
    98 | D:1      | Reached XP level 2. HP: 22/27 MP: 2/2
   119 | D:1      | Found Duppaemei's Magic Scroll Boutique.
   334 | D:1      | Reached XP level 3. HP: 26/33 MP: 3/3
   548 | D:1      | Found Ciuwk's Magic Scroll Shop.
   678 | D:1      | Found Cogot's Armour Emporium.
  1236 | D:2      | Reached XP level 4. HP: 36/41 MP: 4/4
  1724 | D:3      | Reached XP level 5. HP: 47/47 MP: 5/5
  1909 | D:3      | Found Toag Xoy's Assorted Antiques.
  2202 | D:4      | Noticed a black bear
  2205 | D:4      | Noticed a black bear
  2217 | D:3      | Killed a black bear
  2218 | D:3      | Reached skill level 5 in Fighting
  2218 | D:3      | Reached XP level 6. HP: 16/56 MP: 6/6
  2406 | D:1      | Bought a scroll of blinking for 75 gold pieces
  2406 | D:1      | Bought a scroll of teleportation for 30 gold pieces
  2505 | D:4      | Found a staircase to the Ecumenical Temple.
  2506 | D:4      | You fall into a shaft and drop 2 floors!
  2525 | D:6      | Reached skill level 5 in Axes
  2525 | D:6      | Reached skill level 5 in Armour
  2542 | D:6      | Reached XP level 7. HP: 27/62 MP: 7/7
  2561 | D:5      | Entered Level 5 of the Dungeon
  2868 | D:4      | Found an ancient bone altar of Kikubaaqudgha.
  2885 | Temple   | Entered the Ecumenical Temple
  3178 | D:4      | Found a shimmering blue altar of Sif Muna.
  3558 | D:5      | Reached XP level 8. HP: 62/71 MP: 8/8
  3644 | D:5      | Reached skill level 5 in Shields
  3735 | D:5      | Noticed Eustachio
  3756 | D:5      | Killed Eustachio
  4117 | D:6      | Found Syputur's Weapon Shoppe.
  4476 | D:6      | Noticed Edmund
  4494 | D:5      | HP: 2/74 [Edmund/+3 flail of protection (10)]
  4495 | D:5      | Killed Edmund
  4496 | D:5      | Reached XP level 9. HP: 2/81 MP: 9/9
  5029 | D:6      | Found a sparkling altar of Nemelex Xobeh.
  5172 | D:1      | Bought a +1 helmet of intelligence for 181 gold pieces
  5201 | D:1      | Bought a scroll of teleportation for 33 gold pieces
  5359 | D:7      | Noticed Pikel
  5374 | D:7      | Killed Pikel
  5524 | D:7      | Noticed Prince Ribbit
  5525 | D:7      | Noticed Joseph
  5541 | D:7      | Killed Joseph
  5543 | D:7      | HP: 6/126 [Prince Ribbit (1)]
  5544 | D:7      | Killed Prince Ribbit
  5545 | D:7      | Reached XP level 10. HP: 7/91 MP: 10/10
  5889 | D:7      | Reached skill level 10 in Axes
  6010 | D:7      | Found a runed translucent door.
  6013 | D:7      | Noticed Crazy Yiuf
  6024 | D:7      | Killed Crazy Yiuf
  6166 | D:8      | Found a bloodstained altar of Trog.
  6166 | D:8      | Found a broken altar of Ashenzari.
  6170 | D:8      | Found a basalt altar of Yredelemnul.
  6485 | D:8      | Found a stormy altar of Qazlal.
  6559 | D:8      | Reached skill level 10 in Fighting
  6692 | D:8      | Found a white marble altar of Elyvilon.
  6805 | D:9      | Noticed Grum
  6825 | D:8      | Killed Grum
  6971 | D:9      | HP: 3/94 [wyvern (14)]
  7366 | D:9      | Found a shadowy altar of Dithmenos.
  7402 | D:9      | Found a staircase to the Orcish Mines.
  7542 | D:9      | Noticed Maurice
  7565 | D:9      | Something stole a ring of ice
  7567 | D:9      | Something stole 34 gold
  7569 | D:9      | Paralysed by something for 4 turns
  7573 | D:9      | Something stole 167 gold
  7580 | D:9      | Paralysed by something for 3 turns
  7593 | D:9      | Paralysed by Maurice for 5 turns
  7600 | D:9      | HP: 5/141 [yak (3)]
  7602 | D:9      | HP: 1/141 [yak (5)]
  7604 | D:9      | Reached skill level 10 in Armour
  7608 | D:9      | Killed Maurice
  7609 | D:9      | Reached XP level 11. HP: 4/102 MP: 11/11
  8066 | D:9      | Noticed Psyche
  8083 | D:9      | Killed Psyche
  8413 | D:9      | Found an ornate altar of the Wu Jian Council.
  8576 | D:9      | Found a glowing golden altar of the Shining One.
  8584 | D:9      | Became a worshipper of the Shining One
  8750 | D:10     | Entered Level 10 of the Dungeon
  8787 | D:10     | Paralysed by a hornet for 1 turns
  8799 | D:10     | Identified the +0 dire flail of Exevar {elec, rC+ rN+ Dex+2
                  | Stlth+}
  8818 | D:10     | Reached skill level 1 in Invocations
  9110 | D:10     | Found a runed translucent door.
  9125 | D:10     | Found a runed translucent door.
  9137 | D:10     | Found a runed translucent door.
  9162 | D:10     | Found a runed translucent door.
  9166 | D:10     | Noticed an orange crystal statue
  9313 | D:10     | Noticed a two-headed ogre
  9321 | D:10     | Paralysed by a hornet for 2 turns
  9716 | D:1      | Bought a scroll of fear for 40 gold pieces
  9736 | D:1      | Bought a scroll of blinking for 82 gold pieces
  9736 | D:1      | Bought a scroll of teleportation for 33 gold pieces
  9736 | D:1      | Bought a scroll of teleportation for 33 gold pieces
  9736 | D:1      | Bought a scroll of teleportation for 33 gold pieces
 10241 | D:10     | Found a burning altar of Makhleb.
 10326 | D:10     | Killed a two-headed ogre
 10408 | D:10     | Found a hazy altar of Hepliaklqana.
 10609 | D:11     | Found a staircase to the Lair.
 10662 | D:11     | Noticed a manticore
 10666 | D:11     | Killed a manticore
 10724 | D:11     | Noticed a green ugly thing
 10736 | D:11     | Reached * piety under the Shining One
 10737 | D:11     | Noticed a two-headed ogre
 10771 | D:10     | Killed a green ugly thing
 11045 | D:10     | Killed a two-headed ogre
 11328 | D:11     | Noticed a cyclops
 11339 | D:11     | Killed a cyclops
 11382 | D:11     | Noticed a cyclops
 11393 | D:11     | Killed a cyclops
 11468 | D:11     | Reached skill level 5 in Invocations
 11575 | D:11     | Reached XP level 12. HP: 89/113 MP: 15/15
 12483 | D:12     | Noticed a two-headed ogre
 12493 | D:12     | Killed a two-headed ogre
 12615 | D:12     | Found Ruaph's Magic Scroll Shoppe.
 12620 | D:12     | Bought a scroll of teleportation for 42 gold pieces
 12620 | D:12     | Bought a scroll of enchant armour for 105 gold pieces
 12620 | D:12     | Bought a scroll of teleportation for 42 gold pieces
 12620 | D:12     | Bought a scroll of fear for 56 gold pieces
 12676 | D:12     | Noticed a boulder beetle
 12726 | D:12     | HP: 1/113 [boulder beetle (15)]
 12729 | D:12     | Killed a boulder beetle
 13090 | D:12     | Reached ** piety under the Shining One
 13251 | D:12     | Identified the +7 mace of the Keeping Scorpion {drain,
                  | Int+3}
 13299 | Gauntlet | Identified the "Butur"
 13341 | D:13     | Noticed a centaur warrior
 13341 | D:13     | Noticed a centaur warrior
 13440 | D:13     | Noticed a two-headed ogre
 13447 | D:13     | Killed a two-headed ogre
 13506 | D:13     | Killed a centaur warrior
 13514 | D:13     | Noticed an eight-headed hydra
 13519 | D:13     | Noticed a centaur warrior
 13529 | D:13     | Killed an eight-headed hydra
 13538 | D:13     | Killed a centaur warrior
 13826 | D:13     | Reached XP level 13. HP: 122/122 MP: 19/19
 13902 | D:13     | Found a gate to the Vaults.
 13902 | D:13     | Noticed a vault guard
 13902 | D:13     | Noticed a vault guard
 13924 | D:13     | HP: 1/123 [vault guard/+0 battleaxe of freezing (6)]
 14141 | D:13     | Killed a vault guard
 14331 | D:13     | Killed a vault guard
 14426 | D:13     | Reached *** piety under the Shining One
 14470 | D:13     | Reached skill level 15 in Axes
 14523 | D:13     | Reached skill level 10 in Shields
 14870 | D:13     | Reached skill level 10 in Invocations
 14967 | D:13     | Noticed a sphinx
 15547 | D:13     | Reached XP level 14. HP: 133/133 MP: 21/21
 15566 | D:13     | Reached **** piety under the Shining One
 15577 | D:13     | Killed a sphinx
 16095 | D:13     | Reached skill level 15 in Fighting
 16318 | Lair:1   | Entered Level 1 of the Lair of Beasts
 16318 | Lair:1   | Noticed Urug
 16344 | D:11     | Killed Urug
 16587 | Lair:1   | Noticed Jeremiah
 16764 | Lair:1   | Killed Jeremiah
 18271 | Lair:2   | Found a white marble altar of Elyvilon.
 19053 | Lair:3   | Noticed Nessos
 19063 | Lair:3   | Killed Nessos
 19396 | Lair:3   | Found a frozen archway.
 19545 | IceCv    | Entered an ice cave
 19791 | IceCv    | Reached ***** piety under the Shining One
 19909 | IceCv    | Identified the +5 hand axe of Dishonour {drain, Dex+3}
 20148 | Lair:3   | Found a hole to the Spider Nest.
 20193 | Lair:3   | Reached XP level 15. HP: 139/144 MP: 24/24
 20516 | Lair:3   | Found a staircase to the Shoals.
 20991 | Lair:4   | Noticed Snorg
 21004 | Lair:4   | Killed Snorg
 21316 | Lair:4   | Reached skill level 15 in Armour
 21987 | Lair:5   | Entered Level 5 of the Lair of Beasts
 22025 | Lair:5   | Found a viscous altar of Jiyva.
 22025 | Lair:5   | Found a staircase to the Slime Pits.
 23459 | Lair:5   | Found an iron altar of Okawaru.
 24187 | D:14     | Found Nickes's Assorted Antiques.
 24212 | D:14     | Bought a potion of haste for 290 gold pieces
 24212 | D:14     | Bought a potion of heal wounds for 145 gold pieces
 24313 | D:14     | Identified the +3 spear of Gluttony {flame, Int+2}
 24897 | D:15     | Entered Level 15 of the Dungeon
 24898 | D:15     | Identified a scroll of acquirement
 24900 | D:15     | Acquired a +2 broad axe of electrocution
 25094 | D:15     | Reached ****** piety under the Shining One
 25097 | D:15     | Found a staircase to the Depths.
 25105 | D:15     | Reached XP level 16. HP: 120/155 MP: 26/26
 25474 | D:15     | Found a bloodstained altar of Trog.
 25525 | D:15     | Found Uferaoz's Fire Supplies.
 25800 | D:3      | Bought a scroll of teleportation for 63 gold pieces
 25800 | D:3      | Bought a scroll labelled CIH PIUCKUREO for 21 gold pieces
 25800 | D:3      | Bought a glowing chain mail for 157 gold pieces
 26347 | D:15     | Reached skill level 15 in Invocations
 26634 | Orc:1    | Entered Level 1 of the Orcish Mines
 26896 | Orc:2    | Entered Level 2 of the Orcish Mines
 27204 | Orc:2    | Found a roughly hewn altar of Beogh.
 27246 | Orc:2    | Noticed Jorgrun
 27258 | Orc:2    | Killed Jorgrun
 27522 | Orc:2    | Found Wibol's Antique Armour Emporium.
 27523 | Orc:2    | Found Seitot's Antique Weapon Shoppe.
 27525 | Orc:2    | Found Dalamneu's General Store.
 27525 | Orc:2    | Found Gariut's Jewellery Emporium.
 27540 | Orc:2    | Bought a pair of runed gloves for 225 gold pieces
 27886 | Orc:2    | Found a staircase to the Elven Halls.
 28178 | Spider:1 | Entered Level 1 of the Spider Nest
 29195 | Spider:1 | Identified the serpent talisman "Xipabema" {Slay+3}
 29195 | Spider:1 | Noticed Aizul
 29226 | Spider:1 | Killed Aizul
 29630 | Spider:1 | Identified the +1 pair of gloves of the Heavens {rN+}
 30299 | Spider:1 | Reached XP level 17. HP: 117/166 MP: 5/28
 31654 | Spider:1 | HP: 6/168 [disintegration (28)]
 34055 | Spider:4 | Entered Level 4 of the Spider Nest
 34401 | Spider:4 | Reached XP level 18. HP: 114/178 MP: 29/29
 35324 | Spider:4 | Noticed Roxanne
 35891 | Spider:4 | Got a gossamer rune of Zot
 36043 | Spider:4 | Killed Roxanne
 37023 | Shoals:1 | Identified the of Sagyrch
 37023 | Shoals:1 | Entered Level 1 of the Shoals
 37589 | Shoals:1 | Noticed Donald
 37598 | Shoals:1 | Killed Donald
 37626 | Shoals:1 | Found Wixziofy's Distillery.
 37660 | Shoals:1 | Bought a potion of heal wounds for 95 gold pieces
 37660 | Shoals:1 | Bought a potion of curing for 57 gold pieces
 37660 | Shoals:1 | Bought a potion of heal wounds for 95 gold pieces
 37660 | Shoals:1 | Bought a potion of heal wounds for 95 gold pieces
 37969 | D:1      | Bought a scroll of acquirement for 520 gold pieces
 37969 | D:1      | Acquired a manual of Shields
 39081 | Shoals:2 | Reached skill level 15 in Shields
 39113 | Shoals:2 | Found a runed translucent gate.
 39113 | Shoals:2 | Found a runed translucent gate.
 39113 | Shoals:2 | Found a runed translucent gate.
 39114 | Shoals:2 | Noticed Beaer's ghost (journeyman DsFi)
 39165 | Shoals:2 | Killed Beaer's ghost
 39189 | Shoals:2 | Identified the ring of Kikubaaqudgha's Regard {Fire rN+
                  | Str-2 Dex+3 SInv}
 40029 | Shoals:3 | Reached XP level 19. HP: 175/189 MP: 30/30
 41171 | Shoals:4 | Entered Level 4 of the Shoals
 41360 | Shoals:4 | Paralysed by an air elemental for 1 turns
 41365 | Shoals:4 | Paralysed by an air elemental for 1 turns
 41638 | Shoals:4 | Paralysed by an air elemental for 1 turns
 41678 | Shoals:4 | Noticed Bai Suzhen
 41859 | Shoals:3 | Noticed Polyphemus
 41881 | Shoals:3 | Killed Polyphemus
 42109 | Shoals:3 | Reached XP level 20. HP: 198/198 MP: 32/32
 42110 | Shoals:3 | Reached XP level 21. HP: 204/204 MP: 33/33
 42127 | Shoals:4 | Killed Bai Suzhen
 42493 | Shoals:4 | Paralysed by an air elemental for 1 turns
 42511 | Shoals:4 | Paralysed by an air elemental for 1 turns
 42516 | Shoals:4 | Paralysed by an air elemental for 1 turns
 42521 | Shoals:4 | Paralysed by an air elemental for 1 turns
 43388 | Shoals:4 | Paralysed by an air elemental for 1 turns
 43735 | Shoals:4 | Paralysed by an air elemental for 1 turns
 43785 | Shoals:4 | Paralysed by an air elemental for 1 turns
 43790 | Shoals:4 | Paralysed by an air elemental for 1 turns
 43889 | Shoals:4 | Paralysed by an air elemental for 1 turns
 44549 | Shoals:4 | Got a barnacled rune of Zot
 44840 | Desolati | Identified the "Beorymp"
 44840 | Desolati | Identified the "Erphas"
 44840 | Desolati | Identified the "Ceikurum"
 44840 | Desolati | Identified the of Talaec
 44840 | Vaults:1 | Entered Level 1 of the Vaults
 44954 | Vaults:1 | Found a crumbling gateway.
 45002 | Desolati | Entered the Desolation of Salt
 45507 | Vaults:1 | Found Epoden's Jewellery Emporium.
 46118 | Vaults:1 | Reached XP level 22. HP: 213/213 MP: 35/35
 46753 | Vaults:1 | Found Akaocw's Antique Weapon Emporium.
 46803 | Vaults:1 | Killed from afar by an ironbound thunderhulk

Illustrated notes

Levels and vault maps discovered:
D:1:      kennysheep_arrival_seaside, layout_basic, serial_shops, shop,
          nicolae_shop_temple_entry_statues_fountains, shop,
          nicolae_hexahallways, dreamdust_princess_corridor, minmay_pentomino_v2
D:2:      cheibrodos_pilgrimage, layout_basic
D:3:      layout_rooms, serial_shops, nicolae_square_shop
D:4:      layout_cave_pools, nicolae_overflow_hidden_temple, lemuel_round_altar,
          minmay_temple_entry_stoned_glass
D:5:      layout_rooms, minmay_misc_feat_diagonals, uniq_eustachio
D:6:      layout_cave_pools, lemuel_tele_altar, serial_shops,
          nicolae_shop_tiny_glass, uniq_edmund
D:7:      layout_basic, uniq_prince_ribbit1, uniq_joseph,
          uniq_crazy_yiuf_cottage, uniq_pikel
D:8:      layout_rooms, mainiacjoe_overflow_alcove_2, mainiacjoe_overflow_paths,
          grunt_temple_overflow_open, kennysheep_generic_room_14
D:9:      layout_loops_ring, nicolae_tso_swordbearing_angel,
          amcnicky_altar_gilded, marbit_many_paths, uniq_psyche, uniq_maurice,
          uniq_grum
D:10:     layout_small_grid, lemuel_round_altar,
          nicolae_hepliaklqana_monster_ancestors, dreamdust_mushroom_princess,
          minmay_statue_crystal_thing
D:11:     minmay_distorted_concentric_squares, layout_basic, lair_entry_dummy
D:12:     layout_long_grid, serial_shops, nicolae_shop_hallway_stairs
D:13:     nzn_winding_woodlands_large [nzn_winding_woodlands_5x5_open_star,
          nzn_winding_woodlands_5x15_zeroes, nzn_winding_woodlands_5x5_three,
          nzn_winding_woodlands_center_lodge,
          nzn_winding_woodlands_15x15_killbox,
          nzn_winding_woodlands_center_pierced_h,
          nzn_winding_woodlands_5x5_closed_star,
          nzn_winding_woodlands_5x15_default,
          nzn_winding_woodlands_5x5_checkerboard], layout_loops_cross,
          grunt_vaults_entry_tiered, gauntlet_entry_generic,
          minmay_lindwurm_lava
D:14:     layout_loops_ring, serial_shops, shop, chequers_mini_garden
D:15:     gammafunk_depths_entry_grave, layout_basic, trog_three_pillars_becter,
          nicolae_shop_fire_sale [nicolae_sub_dead_trees]
Temple:   corrupted_temple
Lair:1:   layout_long_grid, uniq_urug, uniq_jeremiah
Lair:2:   layout_loops_ring, basic_altar, forest_entry_grove,
          serial_bayou_shore_b, serial_bayou_shore_b, serial_bayou_shore_a,
          grunt_megastairs_3
Lair:3:   layout_cave_pods, shoals_dummy_entry,
          nicolae_spider_entry_non_spiders, portal_ice_cave_demonic_guard,
          uniq_nessos
Lair:4:   layout_cave_pods, uniq_snorg
Lair:5:   evilmike_catoblepas_cave, layout_gridlike, slime_entry_1,
          chequers_serial_rivers_micro_d, lemuel_oklob_altar
Shoals:1: layout_shoals, serial_shops, nicolae_square_shop,
          nicolae_shoals_undead_eyrie, uniq_donald
Shoals:2: layout_shoals, gammafunk_ghost_necromancy
Shoals:3: layout_shoals, uniq_polyphemus
Shoals:4: shoals_end_hellmonk_storm_palace [storm_palace_center_square,
          storm_palace_corner_narrow, storm_palace_corner_narrow,
          storm_palace_corner_grid, storm_palace_corner_narrow], serial_shops,
          uniq_bai_suzhen
Spider:1: layout_spider_delve, nicolae_spider_nooks_and_crannies, uniq_aizul
Spider:2: layout_spider_delve, hangedman_spider_tarantella_strand
Spider:3: layout_spider_delve, einodemon_crawler_minivault
Spider:4: hellmonk_spider_rune_bug_friends, nicolae_spider_bug_shape,
          uniq_roxanne
Orc:1:    layout_caves
Orc:2:    st_orc_congregation, layout_diamond_mine, basic_altar, uniq_jorgrun
Vaults:1: portal_desolation_entry_salt, minmay_guarded_unrand_sword_of_power,
          vaults_mumra_chevron_long, v_misc_9, nicolae_vaults_big_angled_halls,
          nicolae_vaults_network_star, nicolae_vaults_storage_closets_2,
          v_misc_10, hangedman_vaults_capsules,
          nicolae_vaults_doubleplus_tesselated, nicolae_vaults_double_plus_1,
          vaults_mumra_lcd, vaults_dpeg_emergency_exit, layout_vaults_omnicross,
          serial_shops, nicolae_shop_window_shopping, shop,
          nicolae_lakefront_shop

Skill      XL: |  1  2  3  4  5  6  7  8  9 10 11 12 13 14 15 16 17 18 19 20 21 |
---------------+----------------------------------------------------------------+-----
Axes           | 3 4 5 6 8 9 11 13 14 15 16 17 18 19 | 19.8
Fighting       | 4 5 6 8 9 11 12 13 14 16 17 18 20 21 | 21.6
Armour         | 4 5 6 7 8 10 11 12 13 14 15 17 18 20 21 | 21.5
Shields        | 4 5 6 7 8 9 10 11 12 13 15 16 17 18 | 18.0
Invocations    | 5 8 10 12 14 15 16 17 19 | 19.0

Action                     |  1- 3 |  4- 6 |  7- 9 | 10-12 | 13-15 | 16-18 | 19-21 | 22-24 || total
---------------------------+-------+-------+-------+-------+-------+-------+-------+-------++-------
  Melee: War axe           |   120 |   150 |   243 |   695 |  1498 |       |       |       ||  2706
         Dire flail        |       |       |       |    10 |       |       |       |       ||    10
         Punch             |       |       |       |       |     2 |       |       |       ||     2
         Morningstar       |       |       |       |       |    20 |    21 |     7 |       ||    48
         Broad axe         |       |       |       |       |    49 |  1236 |   592 |    88 ||  1965
 Invoke: Divine Shield     |       |       |       |       |     1 |       |       |       ||     1
         Summon Divine War |       |       |       |       |       |    12 |     3 |     3 ||    18
         Cleansing Flame   |       |       |       |       |       |     3 |       |       ||     3
  Evoke: Wand              |       |       |       |    16 |       |       |       |       ||    16
    Use: Scroll            |       |       |     7 |    18 |    14 |    18 |     4 |     1 ||    62
         Potion            |       |       |     5 |     7 |     4 |    12 |     5 |       ||    33
 Armour: Scale mail        |    84 |    83 |   101 |       |       |       |       |       ||   268
         Chain mail        |       |       |    48 |   644 |   932 |  1210 |   516 |    39 ||  3389
         Skin              |       |       |    16 |    33 |       |       |       |       ||    49
  Dodge: Dodged            |    50 |   116 |   175 |   429 |   632 |   742 |   109 |    13 ||  2266
  Block: Buckler           |    24 |    31 |    50 |   168 |   606 |   634 |       |       ||  1513
         Reflection        |       |       |       |       |    28 |    18 |    31 |     3 ||    80
         Other             |       |       |       |       |     6 |       |       |       ||     6
         Tower shield      |       |       |       |       |       |   534 |   624 |    81 ||  1239

Table legend: (Time is in decaauts)
 A = Elapsed time spent in this place.
 B = Non-inter-level travel time spent in this place.
 C = Inter-level travel time spent in this place.
 D = Time resting spent in this place.
 E = Time spent auto-exploring this place.
 F = Levels seen in this place.
 G = Mean time per level.
                   A        B        C        D        E       F      G
               +--------+--------+--------+--------+--------+-----+--------+
         Total |  46169 |  41641 |   4528 |  12693 |  19256 |  34 | 1357.9 |
       Dungeon |  20505 |  17808 |   2697 |   4801 |   8916 |  15 | 1367.0 |
        Temple |     28 |     28 |      0 |      0 |      0 |   1 |   28.0 |
          Lair |   7731 |   6617 |   1114 |   1075 |   4102 |   5 | 1546.2 |
        Shoals |   6955 |   6605 |    350 |   2442 |   2567 |   4 | 1738.8 |
   Spider Nest |   7625 |   7390 |    235 |   3623 |   2235 |   4 | 1906.2 |
  Orcish Mines |   1346 |   1256 |     90 |    216 |    666 |   2 |  673.0 |
        Vaults |   1505 |   1465 |     40 |    315 |    768 |   1 | 1505.0 |
      Ice Cave |    383 |    383 |      0 |    169 |      0 |   1 |  383.0 |
    Desolation |     87 |     87 |      0 |     52 |      0 |   1 |   87.0 |
               +--------+--------+--------+--------+--------+-----+--------+

Top non-repeatable levels by time:
Spider:1: 3715 daAuts
    D:13: 3284 daAuts
Shoals:4: 2568 daAuts
     D:9: 2130 daAuts
    D:11: 2086 daAuts
Shoals:3: 1922 daAuts
  Lair:5: 1889 daAuts
    D:10: 1795 daAuts
Spider:4: 1771 daAuts
  Lair:1: 1718 daAuts
  Lair:3: 1638 daAuts
Spider:3: 1517 daAuts
Vaults:1: 1505 daAuts
     D:5: 1378 daAuts
Shoals:2: 1368 daAuts
